 Dungeon Crawl Stone Soup version 0.29-a0-284-gf9362112df (webtiles) character file.

Game seed: 5146131758184354465

9 avis the Skirmisher (level 2, -1/27 HPs)
             Began as a Hill Orc Monk on Mar 20, 2022.
             Slain by a hobgoblin
             ... wielding a +0 mace
              (4 damage)
             ... on level 1 of the Dungeon.
             The game lasted 00:01:11 (277 turns).

avis the Skirmisher (Hill Orc Monk)                  Turns: 277, Time: 00:01:11

Health: -1/27      AC:  2    Str: 13    XL:     2   Next: 16%
Magic:  2/2        EV: 12    Int: 10    God:
Gold:   7          SH:  0    Dex: 13    Spells: 1/1 levels left

rFire   . . .      SeeInvis .     - Unarmed
rCold   . . .      Faith    .   (no shield)
rNeg    . . .      Spirit   .   a - +0 robe
rPois   .          Reflect  .   (no helmet)
rElec   .          Harm     .   (no cloak)
rCorr   .          Rampage  .   (no gloves)
Will    .....                   (no boots)
Stlth   ++........              (no amulet)
HPRegen 0.09/turn               (no ring)
MPRegen 0.08/turn               (no ring)

@: no status effects
A: no striking features
a: no special abilities


You were on level 1 of the Dungeon.
You visited 1 branch of the dungeon, and saw 1 of its levels.

You collected 7 gold pieces.

Inventory:

Armour
 a - a +0 robe (worn)
Potions
 b - a potion of ambrosia


   Skills:
 - Level 4.0 Fighting
 - Level 2.4 Dodging
 - Level 1.5 Stealth
 * Level 3.7 Unarmed Combat


You had one spell level left.
You didn't know any spells.
Your spell library was empty.

Dungeon Overview and Level Annotations

Branches:
Dungeon (1/15)

Altars:


Message History

The rat attacks as you move away! The rat misses you.
The hobgoblin attacks as you move away! The hobgoblin hits you with a +0 mace.
The quokka twitches its whiskers.
The rat attacks as you move away! The rat barely misses you.
The quokka attacks as you move away! The quokka barely misses you.
The quokka closely misses you.
You barely miss the quokka. The quokka misses you.
You hit the quokka.
You kill the quokka!
The hobgoblin throws a stone.
The stone closely misses you.
You have reached level 2!
You closely miss the rat. The rat bites you.
You barely miss the rat. The rat closely misses you.
You barely miss the rat. The rat barely misses you.
You hit the rat.
The rat is severely wounded.
The rat closely misses you.
You hit the rat.
You kill the rat!
The quokka closely misses you.
You closely miss the quokka. The quokka bites you.
You miss the quokka. The quokka misses you.
You hit the quokka.
The quokka is almost dead.
The quokka closely misses you.
You closely miss the quokka.
The quokka is almost dead.
The quokka barely misses you.
You hit the quokka.
You kill the quokka!
The hobgoblin throws a stone.
The stone hits you.
You hit the hobgoblin but do no damage. The hobgoblin hits you with a +0 mace.
* * * LOW HITPOINT WARNING * * *
You hit the hobgoblin but do no damage. The hobgoblin hits you with a +0 mace.
* * * LOW HITPOINT WARNING * * *
You completely miss the hobgoblin. The hobgoblin barely misses you.
You hit the hobgoblin but do no damage. The hobgoblin barely misses you.
You hit the hobgoblin but do no damage. The hobgoblin barely misses you.
You barely miss the hobgoblin. The hobgoblin hits you with a +0 mace.
You die...

.........#......
...........#....
#.#..#.........
#............$.
#.........##..##.).>.....
.........................
...........##............
............#.##g##...#..
.........#..#.##@####.# #
.........#..#.##..###.#..
#........#..#.###.......#
........................#
.........#.#..#######...#
.........#.#).# ...
.........#.#..# ..
.........#†#..##### .
........##..........


You could see a hobgoblin.

Vanquished Creatures
  A hobgoblin (D:1)
  2 jackals (D:1)
  A kobold (D:1)
  2 quokkas (D:1)
  A ball python (D:1)
  A rat (D:1)
8 creatures vanquished.

Notes
Turn   | Place    | Note
-------+----------+-------------------------------------------
     0 | D:1      | avis the Hill Orc Monk began the quest for the Orb.
     0 | D:1      | Reached XP level 1. HP: 19/19 MP: 1/1
     1 | D:1      | Noticed an electric eel
   106 | D:1      | Reached skill level 4 in Fighting
   260 | D:1      | Reached XP level 2. HP: 18/27 MP: 2/2
   277 | D:1      | Slain by a hobgoblin

Illustrated notes

Levels and vault maps discovered:
D:1:      arrival_aquarium_a, layout_rooms

Skill      XL: |  1 |
---------------+----+-----
Fighting       | 4 |  4.0
Dodging        | |  2.4
Stealth        | |  1.5
Unarmed Combat | |  3.7

Action                   || total
-------------------------++-------
Melee: Unarmed           ||    37
       Punch             ||     1
Armor: Robe              ||     5
Dodge: Dodged            ||    27

Table legend: (Time is in decaauts)
 A = Elapsed time spent in this place.
 B = Non-inter-level travel time spent in this place.
 C = Inter-level travel time spent in this place.
 D = Time resting spent in this place.
 E = Time spent auto-exploring this place.
 F = Levels seen in this place.
 G = Mean time per level.
                   A        B        C        D        E       F      G
               +--------+--------+--------+--------+--------+-----+--------+
         Total |    274 |    274 |      0 |    181 |     23 |   1 |  274.0 |
       Dungeon |    274 |    274 |      0 |    181 |     23 |   1 |  274.0 |
               +--------+--------+--------+--------+--------+-----+--------+

Top non-repeatable levels by time:
     D:1: 274 daAuts
